 Dungeon Crawl Stone Soup version 0.28.0-1-gb440e238dd (webtiles) character file.

Game seed: 6731821640389560867

396 Eitelfritz the Ruffian (level 6, -17/91 HPs)
             Began as a Troll Monk on Feb 21, 2022.
             Demolished by Duvessa (20 damage)
             ... on level 5 of the Dungeon.
             The game lasted 00:09:26 (3518 turns).

Eitelfritz the Ruffian (Troll Monk)                 Turns: 3518, Time: 00:09:27

Health: -17/91     AC:  4    Str: 20    XL:     6   Next: 52%
Magic:  5/5        EV: 10    Int:  8    God:
Gold:   165        SH:  0    Dex: 12    Spells: 5/5 levels left

rFire   + . .      SeeInvis .     - Unarmed
rCold   . . .      Faith    .   (no shield)
rNeg    . . .      Spirit   .   a - +0 robe
rPois   .          Reflect  .   (helmet restricted)
rElec   .          Harm     .   (no cloak)
rCorr   .          Rampage  .   (gloves unavailable)
Will    .....                   (boots unavailable)
Stlth   ..........              (no amulet)
HPRegen 1.05/turn               c - ring of protection from fire
MPRegen 0.09/turn               (no ring)

@: berserking, very quick
A: large, unfitting armour, claws 3, regeneration 1, shaggy fur 1, tough skin 1
a: no special abilities


You were on level 5 of the Dungeon.
You visited 1 branch of the dungeon, and saw 5 of its levels.

You collected 165 gold pieces.

Inventory:

Hand Weapons
 d - a +2 trident of flaming
 l - a +0 flail
Missiles
 b - 8 poisoned darts (quivered)
 m - 3 boomerangs
Armour
 a - a +0 robe (worn)
Jewellery
 c - a ring of protection from fire (left claw)
Scrolls
 f - 2 scrolls of summoning {unknown}
 i - a scroll of teleportation {unknown}
 j - 2 scrolls of vulnerability {unknown}
 k - a scroll of enchant weapon {unknown}
 n - a scroll of silence {unknown}
 p - a scroll of enchant armour {unknown}
 q - a scroll of amnesia {unknown}
Potions
 g - a potion of berserk rage
 h - a potion of brilliance {unknown}
 o - a potion of flight {unknown}
 r - 2 potions of curing


   Skills:
 + Level 3.2 Fighting
 + Level 3.5 Dodging
 + Level 1.8 Stealth
 + Level 5.6 Unarmed Combat


You had 5 spell levels left.
You didn't know any spells.
Your spell library contained the following spells:

 Spells                   Type           Power      Damage    Failure   Level
 Blink                    Tloc           0%         N/A       54%         2
 Ensorcelled Hibernation  Hex/Ice        0%         N/A       54%         2
 Spider Form              Tmut/Pois      0%         N/A       78%         3
 Anguish                  Hex/Necr       0%         N/A       99%         4
 Manifold Assault         Tloc           0%         N/A       100%        5
 Storm Form               Tmut/Air       0%         N/A       100%        7


Dungeon Overview and Level Annotations

Branches:
Dungeon (5/15)
 Temple: D:4-7

Altars:
Vehumet
Zin

Annotations:
D:3 exclusion: statue
D:5 Duvessa


Innate Abilities, Weirdness & Mutations

You are too large for most types of armour.
You have claws for hands.
Your natural rate of healing is unusually fast.
You are covered in fur. (AC +1)
You have tough skin. (AC +1)


Message History

Dowan points at you and mumbles some strange words.
The puff of frost hits you!
You barely miss Dowan.
Dowan is moderately wounded.
Dowan says, "My weaknesses are her strengths!"
Dowan casts a spell at you. You resist with some effort.
You claw Dowan!
Dowan is severely wounded.
Dowan gestures at Duvessa while chanting.
Duvessa seems to speed up.
You closely miss Dowan.
Dowan is severely wounded.
You claw Dowan!
You kill Dowan!
Duvessa screams, "No!
How DARE you!"
Duvessa goes berserk!
You closely miss Duvessa. Duvessa barely misses you.
Duvessa hits you with a +0 short sword!
You scratch Duvessa.
Duvessa is lightly wounded.
Duvessa hits you with a +0 short sword!!
You barely miss Duvessa.
Duvessa is lightly wounded.
Duvessa barely misses you.
You claw Duvessa!
Duvessa is moderately wounded.
Duvessa barely misses you. Duvessa hits you with a +0 short sword.
You barely miss Duvessa.
Duvessa is moderately wounded.
Duvessa hits you with a +0 short sword!
* * * LOW HITPOINT WARNING * * *
You barely miss Duvessa.
Duvessa is moderately wounded.
Duvessa hits you with a +0 short sword.
* * * LOW HITPOINT WARNING * * *
A red film seems to cover your vision as you go berserk!
You feel yourself moving faster!
You feel mighty!
Duvessa hits you with a +0 short sword!!
You die...

#...)..#.#.......
#......#.#.......
####+###.........
##.######+##
#..#......#
##.#......#
#.#).[...#
#..).....#
........####@##
####....# #e#
#≈#..# #.#
≈≈≈#... #.#
≈#≈≈##.. #.# ≈ ≈≈
#..[ #.# ≈≈ ≈...
#+#


You could see Duvessa (berserk, fast).

Vanquished Creatures
  Dowan (D:5)
  A bullfrog skeleton (D:4)
  Jessica (D:2)
  An orc wizard (D:5)
  Natasha (thrice) (D:3)
  A scorpion zombie (D:5)
  Robin (D:3)
  4 adders
  An adder skeleton (D:4)
  A dart slug (D:2)
  14 orcs
  2 bats (D:1)
  11 endoplasms
  A giant cockroach (D:3)
  11 goblins
  7 hobgoblins
  13 jackals
  2 quokkas
  9 ball pythons
  6 frilled lizards
  6 kobolds
  6 rats
103 creatures vanquished.

Notes
Turn   | Place    | Note
-------+----------+-------------------------------------------
     0 | D:1      | Eitelfritz the Troll Monk began the quest for the Orb.
     0 | D:1      | Reached XP level 1. HP: 22/22 MP: 0/0
   115 | D:1      | Reached XP level 2. HP: 29/29 MP: 1/1
   675 | D:1      | Reached XP level 3. HP: 36/36 MP: 2/2
   973 | D:2      | Noticed Jessica
   984 | D:2      | Killed Jessica
   985 | D:2      | Reached XP level 4. HP: 30/44 MP: 3/3
  1014 | D:2      | Reached skill level 4 in Unarmed Combat
  1337 | D:2      | Found a faded altar of an unknown god.
  2036 | D:3      | Found a radiant altar of Vehumet.
  2061 | D:3      | Noticed a charred statue
  2079 | D:3      | Found a glowing silver altar of Zin.
  2114 | D:3      | Noticed Natasha
  2124 | D:3      | Killed Natasha
  2125 | D:3      | Reached XP level 5. HP: 48/52 MP: 4/4
  2572 | D:3      | Noticed Robin
  2604 | D:3      | Noticed Natasha
  2641 | D:3      | Killed Robin
  2642 | D:3      | Killed Natasha
  2645 | D:3      | Reached skill level 5 in Unarmed Combat
  2658 | D:3      | Noticed Natasha
  2670 | D:3      | Killed Natasha
  2983 | D:4      | Reached XP level 6. HP: 52/61 MP: 5/5
  3351 | D:5      | Entered Level 5 of the Dungeon
  3503 | D:5      | Noticed Duvessa
  3503 | D:5      | Noticed Dowan
  3511 | D:5      | Killed Dowan
  3517 | D:5      | HP: 1/61 [Duvessa (5)]
  3518 | D:5      | Demolished by Duvessa

Illustrated notes

Levels and vault maps discovered:
D:1:      saegor_arrival_simple_a, layout_loops_corners, grunt_decor_clamped
D:2:      layout_loops_corners, hellmonk_ecumenical_altar_blasted, uniq_jessica
D:3:      layout_basic, vehumet_statue, general_overflow_altar, uniq_natasha,
          uniq_robin
D:4:      layout_rooms
D:5:      layout_basic, nicolae_overflow_crystal_walls, minivault_4,
          hellmonk_bongcloud_opening, chequers_mini_garden, uniq_duvessa,
          uniq_crazy_yiuf_cottage

Skill      XL: |  1  2  3  4  5 |
---------------+----------------+-----
Dodging        | 3 |  3.5
Unarmed Combat | 4 5 |  5.6
Fighting       | 3 |  3.2
Stealth        | |  1.8

Action                   |  1- 3 |  4- 6 || total
-------------------------+-------+-------++-------
Melee: Unarmed           |    74 |   215 ||   289
       Punch             |     1 |     7 ||     8
Throw: Dart              |       |     2 ||     2
  Use: Scroll            |       |     3 ||     3
       Potion            |       |     1 ||     1
 Stab: Sleeping          |     4 |     5 ||     9
Armor: Robe              |    30 |    58 ||    88
Dodge: Dodged            |    44 |   105 ||   149
